 Dungeon Sprint DCSS version 0.19.4-10-g532645f (webtiles) character file.

1295 equalderp2856 the Ripper (level 8, -2/41 HPs)
             Began as a Felid Fighter on Feb 24, 2017.
             Was an Initiate of Gozag.
             Killed by mirror damage (14 damage)
             ... in the Dungeon (Sprint VII: "The Pits").
             The game lasted 00:07:30 (1239 turns).

equalderp2856 the Ripper (Felid Fighter)            Turns: 1239, Time: 00:07:32

Health: -2/41      AC:  2    Str: 13    XL:     8   Next: 30%
Magic:  9/9        EV: 28    Int: 10    God:    Gozag
Gold:   2772       SH:  0    Dex: 17    Spells: 0 memorised, 7 levels left
                                        Lives:  0   Deaths: 2

rFire  . . .     SeeInvis +       - Unarmed
rCold  . . .     Gourm    .     (armour unavailable)
rNeg   . . .     Faith    .     (shield unavailable)
rPois  .         Spirit   .     (helmet unavailable)
rElec  .         Reflect  .     (cloak unavailable)
rCorr  .         Harm     .     (gloves unavailable)
MR     +....     NoTele   +     (boots unavailable)
Stlth  ++++++....               (no amulet)
                                (no ring)
                                (no ring)

@: gold aura, quick
A: no armour, no weapons or thrown items, stealth, claws 1, fangs 3, see
invisible, carnivore 3, speed 1, shaggy fur 2, slow metabolism 1, sharp paws
a: Potion Petition, Call Merchant, Bribe Branch, Renounce Religion


You were in the Dungeon.
You worshipped Gozag.
Gozag was most pleased with you.
You were not hungry.

You visited 1 branch You collected 2772 gold pieces.

Inventory:

Jewellery
 h - an uncursed ring of ice
 m - a +3 ring of intelligence
 n - a +3 ring of protection
 p - an uncursed ring of protection from cold
Wands
 d - a wand of iceblast (4/15)
Scrolls
 c - 2 scrolls of identify
 j - 3 scrolls of remove curse
 k - 6 scrolls of amnesia
 l - a scroll of summoning
Potions
 a - a potion of might
 e - 2 potions of haste
 f - 4 potions of magic
 g - 4 potions of berserk rage
 i - 2 potions of invisibility
 o - a potion of agility
 q - a potion of ambrosia
Comestibles
 b - 8 meat rations


   Skills:
 + Level 8.4 Fighting
 + Level 12.7 Dodging
 + Level 12.7 Stealth
 + Level 16.9 Unarmed Combat


You had 7 spell levels left.
You didn't know any spells.

Dungeon Overview and Level Annotations

Branches:
Dungeon (1/1)

Altars:
Ashenzari
Cheibriados
Dithmenos
Elyvilon
Fedhas
Gozag
Hepliaklqana
Kikubaaqudgha
Makhleb
Nemelex Xobeh
Okawaru
Qazlal
Ru
Sif Muna
Trog
Uskayaw
Vehumet
Xom
Yredelemnul
Zin
The Shining One
Beogh
Jiyva
Lugonu


Innate Abilities, Weirdness & Mutations

You cannot wear armour.
You are incapable of wielding weapons or throwing items.
Your paws allow you to move quietly. (Stealth)
You have sharp claws.
You have razor-sharp teeth.
You have supernaturally acute eyesight. (SInv)
You are carnivorous and can eat meat at any time.
You cover ground quickly.
You are covered in thick fur. (AC +2)
You have a slow metabolism.
Your sharp claws are effective at attacking unaware monsters.


Message History

The iron imp partially resists.
You kill the iron imp!
The iceblast engulfs the ogre.
You kill the ogre!
This wand has 5 charges left.
Something reflects your damage back at you!
* * * LOW HITPOINT WARNING * * *
The ice encasing you melts away.
Evoke which item? (* to show all) (? for menu, Esc to quit)
Zapping:
d - a wand of iceblast (5/15)
Press: ? - help, Shift-Dir - straight line, f - death knight
Aim: a death knight, wielding a +2 morningstar of pain and wearing a chain mail (lightly wounded, reflecting injuries)
The mass of ice explodes!
The iceblast engulfs the death knight.
The death knight is heavily wounded.
The iceblast engulfs the phantom.
The phantom partially resists.
The phantom is lightly damaged.
This wand has 4 charges left.
The death knight reflects your damage back at you!
You die...
Your body crumbles into a pile of gold.

#..## .....#
##...###...###
#...#..C....#
+...W.5.o...######
#...#...p...#..[.#
##..4###$..###).))#
.#..###$oW.5####[(#
.$.##..S$.....##..#
.###......O...$#@(#
.# #.....N.k.Wp(.(#
## ################


You could see a nagaraja, a death knight, a phantom and a rime drake.

Vanquished Creatures
  A shadow wraith (D)
  A sea snake (D)
  A deep troll (D)
  An orange demon (D)
  A wind drake (D)
  2 redbacks (D)
  A ynoxinul (D)
  A steam dragon (D)
  A soldier ant (D)
  An orc warrior (D)
  2 ogres (D)
  A phantom (D)
  2 necrophages (D)
  2 bullfrogs (D)
  2 scorpions (D)
  An orc priest (D)
  A jelly (D)
  4 orc wizards (D)
  An iron imp (D)
  An iguana (D)
  A worker ant (D)
  2 gnolls (D)
  3 adders (D)
  2 ufetubi (D)
  A worm (D)
  3 orcs (D)
  A ball python (D)
  A giant cockroach (D)
  2 jackals (D)
  2 quokkas (D)
  A frilled lizard (D)
  A goblin (D)
  A rat (D)
49 creatures vanquished.

Vanquished Creatures (others)
  A frilled lizard (D)
1 creature vanquished.

Grand Total: 50 creatures vanquished

Notes
Turn   | Place    | Note
-------+----------+-------------------------------------------
     0 | D        | equalderp2856 the Felid Fighter began the quest for the Orb.
     0 | D        | Reached XP level 1. HP: 10/10 MP: 2/2
    15 | D        | Reached XP level 2. HP: 14/14 MP: 3/3
    24 | D        | Found a radiant altar of Vehumet.
    24 | D        | Found a hide-covered altar of Uskayaw.
    24 | D        | Found an ancient bone altar of Kikubaaqudgha.
    24 | D        | Found a viscous altar of Jiyva.
    24 | D        | Found a hazy altar of Hepliaklqana.
    25 | D        | Found a bloodstained altar of Trog.
    25 | D        | Found a deep blue altar of Sif Muna.
    25 | D        | Found a sacrificial altar of Ru.
    25 | D        | Found a stormy altar of Qazlal.
    25 | D        | Found an iron altar of Okawaru.
    25 | D        | Found a sparkling altar of Nemelex Xobeh.
    25 | D        | Found an opulent altar of Gozag.
    25 | D        | Found a blossoming altar of Fedhas.
    25 | D        | Found a white marble altar of Elyvilon.
    25 | D        | Found a shadowy altar of Dithmenos.
    25 | D        | Found a snail-covered altar of Cheibriados.
    26 | D        | Found a glowing golden altar of the Shining One.
    26 | D        | Found a glowing silver altar of Zin.
    28 | D        | Found a roughly hewn altar of Beogh.
    28 | D        | Found a burning altar of Makhleb.
    28 | D        | Found a basalt altar of Yredelemnul.
    29 | D        | Found a shattered altar of Ashenzari.
    29 | D        | Found a corrupted altar of Lugonu.
    29 | D        | Found a shimmering altar of Xom.
    31 | D        | Became a worshipper of Gozag Ym Sagoz the Greedy
    75 | D        | Reached skill level 5 in Dodging
    75 | D        | Reached skill level 5 in Unarmed Combat
   155 | D        | Reached skill level 1 in Stealth
   155 | D        | Reached XP level 3. HP: 14/18 MP: 4/4
   226 | D        | Reached skill level 6 in Unarmed Combat
   237 | D        | Reached skill level 7 in Unarmed Combat
   237 | D        | Reached XP level 4. HP: 21/22 MP: 5/5
   285 | D        | Noticed a phantom
   348 | D        | Reached skill level 5 in Fighting
   363 | D        | Reached skill level 8 in Unarmed Combat
   363 | D        | Reached XP level 5. HP: 26/26 MP: 6/6
   382 | D        | Killed a phantom
   382 | D        | Reached skill level 10 in Unarmed Combat
   385 | D        | Gained mutation: You are covered in thick fur. (AC +2) [Felid growth]
   385 | D        | Reached XP level 6. HP: 14/31 MP: 7/7
   544 | D        | Reached skill level 11 in Unarmed Combat
   547 | D        | Noticed an orc warrior
   556 | D        | Killed an orc warrior
   556 | D        | Reached skill level 10 in Dodging
   562 | D        | Reached skill level 12 in Unarmed Combat
   562 | D        | Reached XP level 7. HP: 25/35 MP: 8/8
   569 | D        | Reached skill level 5 in Stealth
   692 | D        | Noticed a redback
   704 | D        | Reached skill level 13 in Unarmed Combat
   711 | D        | Killed a redback
   711 | D        | Reached XP level 8. HP: 36/38 MP: 9/9
   724 | D        | Noticed a wind drake
   733 | D        | Noticed an orange demon
   753 | D        | Reached skill level 14 in Unarmed Combat
   759 | D        | Killed a wind drake
   761 | D        | Noticed a sea snake
   809 | D        | Killed a sea snake
   809 | D        | Reached skill level 15 in Unarmed Combat
   946 | D        | Noticed a death knight
   950 | D        | Noticed a deep troll
   964 | D        | Killed an orange demon
   964 | D        | Reached skill level 10 in Stealth
   964 | D        | Reached XP level 9. HP: 38/43 MP: 10/10
  1073 | D        | Killed a deep troll
  1073 | D        | Reached skill level 16 in Unarmed Combat
  1148 | D        | Slain by a death knight
  1149 | D        | Reached XP level 8. HP: -2/40 MP: 9/9
  1157 | D        | Noticed a cyclops
  1162 | D        | Noticed a shadow wraith
  1166 | D        | Killed a shadow wraith
  1166 | D        | Reached XP level 9. HP: 44/44 MP: 10/10
  1175 | D        | Noticed an eidolon
  1191 | D        | Noticed a gargoyle
  1192 | D        | Noticed a nagaraja
  1192 | D        | Noticed an orc high priest
  1193 | D        | Noticed a sea snake
  1195 | D        | Noticed a cyclops
  1200 | D        | Noticed an orange demon
  1202 | D        | Mangled by a nagaraja
  1203 | D        | Reached XP level 8. HP: -7/41 MP: 9/9
  1230 | D        | Noticed a rime drake
  1239 | D        | Killed by mirror damage

Skill      XL: |  1  2  3  4  5  6  7  8  9 |
---------------+----------------------------+-----
Fighting       | 4 5 6 7 8 |  8.4
Dodging        | 5 6 8 9 10 11 12 | 12.7
Unarmed Combat | 5 7 8 10 12 13 15 16 | 16.9
Stealth        | 1 2 3 4 6 12 11 | 12.7

Action                   |  1- 3 |  4- 6 |  7- 9 || total
-------------------------+-------+-------+-------++-------
Melee: Unarmed           |    42 |    62 |    97 ||   201
       Bite              |     7 |    12 |    16 ||    35
       Punch             |       |     3 |     4 ||     7
Evoke: Wand              |       |       |     3 ||     3
  Use: Potion            |     2 |     3 |    16 ||    21
       Scroll            |       |       |     1 ||     1
 Stab: Sleeping          |     1 |       |     7 ||     8
       Distracted        |       |     1 |     2 ||     3
  Eat: Chunk             |     2 |       |       ||     2
Armor: Skin              |     1 |       |     3 ||     4
Dodge: Dodged            |    55 |    28 |   104 ||   187
